 Dungeon Crawl Stone Soup version 0.31-a0-177-g4aa6249778 (webtiles) character file.

Game seed: 17389323536520878589

107 qw the Shooter (level 4, -3/42 HPs)
             Began as a Naga Hunter on June 18, 2023.
             Slain by an orc
             ... wielding a +0 trident
              (7 damage)
             ... on level 3 of the Dungeon.
             The game lasted 00:00:38 (1793 turns).

qw the Shooter (Naga Hunter)                        Turns: 1793, Time: 00:00:39

Health: -3/42      AC:  4    Str: 13    XL:     4   Next: 86%
Magic:  4/4        EV:  9    Int:  9    God:
Gold:   121        SH:  0    Dex: 17    Spells: 3/3 levels left

rFire   . . .        Y - +0 shortbow
rCold   . . .        (shield currently unavailable)
rNeg    . . .        c - +0 leather armour
rPois   +            d - +0 helmet
rElec   .            (no cloak)
rCorr   .            e - +0 pair of gloves
SInv    +            (no barding)
Will    .....        (no amulet)
Stlth   ++           (no ring)
HPRegen 0.27/turn    (no ring)
MPRegen 0.09/turn

%: no passive effects
@: very slow
A: AC +1, large, see invisible, deformed body, poison resistance, slowness 2,
spit poison 1, naga tail 1
a: Spit Poison


You were on level 3 of the Dungeon.
You visited 1 branch of the dungeon, and saw 3 of its levels.

You collected 121 gold pieces.


Innate Abilities, Weirdness & Mutations

Your serpentine skin is tough. (AC +1)
You have supernaturally acute eyesight. (SInv)
Armour fits poorly on your strangely shaped body.
Your system is resistant to poisons. (rPois)
You cover ground very slowly.
You can spit poison.
You have a snake-like lower body.


   Skills:
 - Level 3.0 Fighting
 + Level 5.1 Ranged Weapons
 - Level 1.5 Dodging
 - Level 1.5 Stealth


You had 3 spell levels left.
You didn't know any spells.
Your spell library was empty.

Inventory:

Hand Weapons
 Y - a +0 shortbow (weapon)
Armour
 c - a +0 leather armour (worn)
 d - a +0 helmet (worn)
 e - a +0 pair of gloves (worn)
Scrolls
 b - a scroll of teleportation {unknown}
 i - a scroll of identify
Potions
 a - a potion of berserk rage {unknown}
 f - a potion of haste
 g - a potion of might {unknown}
 h - a potion of degeneration {unknown}

Dungeon Overview and Level Annotations

Branches:
Dungeon (3/15)

Altars:
Zin

Portals:
Abyss: D:3

Annotations:
D:3 qw's ghost, amateur NaHu


Message History

You are confused.
You have got your breath back.
The orc barely misses you. The orc hits you with a +0 hand axe.
The orc closely misses you.
The orc hits you from afar with a +0 trident!
The orc hits you from afar with a +0 trident!
The orc closely misses you.
You feel less confused. The orc hits you with a +0 hand axe.
1787 ||| INVOKING Spit Poison.
Aiming: Spit Poison (1% risk of failure)
Press: ? - help, Shift-Dir - straight line, f - orc The splash of poison misses the orc.
The orc hits you with a +0 hand axe.
You shoot an arrow. The arrow hits the orc!
You kill the orc!
You shoot an arrow.
The arrow closely misses the orc wizard.
The orc wizard hits you with a +0 dagger. x2
The orc barely misses you.
You shoot an arrow. The arrow barely misses the orc wizard.
You have got your breath back.
The orc wizard closely misses you.
The orc hits you from afar with a +0 trident.
1791 ||| INVOKING Spit Poison.
Aiming: Spit Poison (1% risk of failure)
Press: ? - help, Shift-Dir - straight line, f/p - orc wizard The splash of poison misses the orc wizard.
The orc hits you from afar with a +0 trident!
The orc wizard closely misses you.
You shoot an arrow.
The arrow closely misses the orc wizard.
The orc hits you but does no damage.
The orc wizard hits you but does no damage.
You shoot an arrow.
The arrow closely misses the orc wizard.
You have got your breath back.
The orc hits you from afar with a +0 trident!
You die...

#...#....#########.
###%'######
#¤~..~~# #¤¤~.¤~#
#~..~~~# #~~¤..¤#
#¤~.~~~# #¤~..¤~#
###@'### #o.# o.##
)### .$ #. #. .


You could see an orc wizard and an orc.

Vanquished Creatures
  Robin (D:2)
  2 adders (D:2)
  4 dart slugs
  A worm (D:2)
  2 orcs (D:3)
  6 endoplasms
  2 giant cockroaches (D:2)
  9 hobgoblins
  8 kobolds
  5 ball pythons
  2 bats
  3 frilled lizards (D:2)
  12 goblins
  5 rats
62 creatures vanquished.

Notes
Turn   | Place    | Note
-------+----------+-------------------------------------------
     0 | D:1      | qw the Naga Hunter began the quest for the Orb.
     0 | D:1      | Reached XP level 1. HP: 19/19 MP: 1/1
     0 | D:1      | 0 ||| qw: Version: 0.3-a-7-ge0c9b40
     0 | D:1      | 0 ||| qw: Game counter: 766
     0 | D:1      | 0 ||| qw: Always use a shield: true
     0 | D:1      | 0 ||| qw: God list: Okawaru
     0 | D:1      | 0 ||| qw: Allow faded altars: false
     0 | D:1      | 0 ||| qw: Do Orc after D:15 true
     0 | D:1      | 0 ||| qw: Do second Lair branch before Depths: true
     0 | D:1      | 0 ||| qw: Lair rune preference: random
     0 | D:1      | 0 ||| qw: Plans: Normal
     0 | D:1      | 0 ||| PLANNING D:1-11
    27 | D:1      | 27 ||| INVOKING Spit Poison.
    59 | D:1      | 59 ||| INVOKING Spit Poison.
   107 | D:1      | 107 ||| INVOKING Spit Poison.
   122 | D:1      | 122 ||| INVOKING Spit Poison.
   125 | D:1      | 125 ||| INVOKING Spit Poison.
   139 | D:1      | 139 ||| INVOKING Spit Poison.
   175 | D:1      | 175 ||| INVOKING Spit Poison.
   176 | D:1      | Reached skill level 4 in Ranged Weapons
   176 | D:1      | Reached XP level 2. HP: 26/26 MP: 2/2
   179 | D:1      | 179 ||| INVOKING Spit Poison.
   252 | D:1      | 252 ||| Stepping ~*~*~tactically~*~*~ (outnumbered).
   254 | D:1      | 254 ||| INVOKING Spit Poison.
   262 | D:1      | 262 ||| INVOKING Spit Poison.
   318 | D:1      | 318 ||| INVOKING Spit Poison.
   324 | D:1      | 324 ||| INVOKING Spit Poison.
   414 | D:1      | 414 ||| INVOKING Spit Poison.
   419 | D:1      | 419 ||| INVOKING Spit Poison.
   420 | D:1      | Reached XP level 3. HP: 32/32 MP: 3/3
   492 | D:1      | 492 ||| INVOKING Spit Poison.
   789 | D:1      | 789 ||| INVOKING Spit Poison.
   972 | D:1      | 972 ||| UPGRADING to +0 pair of gloves.
   977 | D:1      | 977 ||| READING scroll labelled PYODOP MOBIUCS.
   978 | D:1      | 978 ||| READING scroll labelled NARADIUKHLEDUB.
   979 | D:1      | 979 ||| DROPPING scroll of butterflies.
  1023 | D:2      | 1023 ||| INVOKING Spit Poison.
  1051 | D:2      | 1051 ||| INVOKING Spit Poison.
  1095 | D:2      | 1095 ||| INVOKING Spit Poison.
  1114 | D:2      | 1114 ||| INVOKING Spit Poison.
  1118 | D:2      | 1118 ||| INVOKING Spit Poison.
  1198 | D:2      | 1198 ||| INVOKING Spit Poison.
  1203 | D:2      | 1203 ||| INVOKING Spit Poison.
  1210 | D:2      | 1210 ||| INVOKING Spit Poison.
  1211 | D:2      | Reached skill level 5 in Ranged Weapons
  1212 | D:2      | Reached XP level 4. HP: 39/39 MP: 4/4
  1214 | D:2      | 1214 ||| INVOKING Spit Poison.
  1218 | D:2      | 1218 ||| INVOKING Spit Poison.
  1220 | D:2      | Noticed Robin
  1222 | D:2      | 1222 ||| INVOKING Spit Poison.
  1226 | D:2      | 1226 ||| INVOKING Spit Poison.
  1228 | D:2      | Killed Robin
  1263 | D:2      | 1263 ||| INVOKING Spit Poison.
  1315 | D:2      | 1315 ||| INVOKING Spit Poison.
  1316 | D:2      | Found a glowing silver altar of Zin.
  1344 | D:2      | 1344 ||| INVOKING Spit Poison.
  1423 | D:2      | 1423 ||| INVOKING Spit Poison.
  1567 | D:2      | 1567 ||| INVOKING Spit Poison.
  1568 | D:2      | Reached skill level 3 in Fighting
  1706 | D:2      | 1706 ||| UPGRADING to +0 helmet.
  1711 | D:2      | 1711 ||| READING scroll labelled CODWIQ GAFIHOZ.
  1712 | D:2      | 1712 ||| DRINKING 2 dark potions.
  1724 | D:3      | Found a one-way gate to the infinite horrors of the Abyss.
  1724 | D:3      | Noticed qw's ghost (amateur NaHu)
  1736 | D:3      | 1736 ||| INVOKING Spit Poison.
  1755 | D:3      | 1755 ||| INVOKING Spit Poison.
  1762 | D:3      | 1762 ||| INVOKING Spit Poison.
  1778 | D:3      | 1778 ||| INVOKING Spit Poison.
  1787 | D:3      | 1787 ||| INVOKING Spit Poison.
  1790 | D:3      | HP: 10/42 [orc/+0 trident (3)]
  1791 | D:3      | 1791 ||| INVOKING Spit Poison.
  1791 | D:3      | HP: 3/42 [orc/+0 trident (7)]
  1793 | D:3      | Slain by an orc

Levels and vault maps discovered:
D:1:      saegor_arrival_fortress, layout_loops_corners, minivault_25,
          serial_bayou_pond_b
D:2:      layout_loops_ring, basic_altar, uniq_robin
D:3:      layout_basic, gammafunk_ghost_abyssal_escape,
          kennysheep_generic_room_12

Skill      XL: |  1  2  3  4 |
---------------+-------------+-----
Ranged Weapons | 4 5 |  5.1
Fighting       | 3 |  3.0
Dodging        | |  1.5
Stealth        | |  1.5

Action                     |  1- 3 |  4- 6 || total
---------------------------+-------+-------++-------
   Fire: Shortbow          |    53 |    38 ||    91
Ability: Spit Poison       |    24 |    15 ||    39
    Use: Scroll            |     2 |     1 ||     3
         Potion            |       |     1 ||     1
 Armour: Leather armour    |     3 |     5 ||     8
  Dodge: Dodged            |     7 |    11 ||    18

Table legend:
 A = Non-vault XP
 B = Vault XP
 C = Vault XP percentage of total XP
 D = Non-vault monster count
 E = Vault monster count
 F = Vault count percentage of total count
                 A         B        C        D         E       F
            +---------+---------+-------+---------+---------+-------
      Total |     100 |      54 |  35.1 |      42 |      20 |  32.3
            +---------+---------+-------+---------+---------+-------
        D:1 |      29 |      12 |  29.3 |      19 |       6 |  24.0
        D:2 |      63 |      38 |  37.6 |      19 |      13 |  40.6
        D:3 |       8 |       4 |  33.3 |       4 |       1 |  20.0
            +---------+---------+-------+---------+---------+-------
